[Event "ICCopen2016"]
[Site "Internet Chess Club"]
[Date "2016.06.03"]
[Round "11"]
[White "wolvie"]
[Black "mrneale"]
[Result "1-0"]
[ICCResult "Black resigns"]
[WhiteElo "1540"]
[BlackElo "1257"]
[Opening "Scotch game"]
[ECO "C45"]
[NIC "SO.04"]
[Time "20:59:37"]
[TimeControl "180+0"]

1. e4 e5 2. Nf3 Nc6 3. d4 exd4 4. Nxd4 d6 5. Nxc6 bxc6 6. Bd3 Nf6 7. O-O Be7
8. Nc3 O-O 9. f4 Bg4 10. Qe1 Re8 11. Qg3 Qc8 12. b3 Nh5 13. Qf2 Qd8 14. Be3
Bh4 15. g3 Be7 16. Be2 Bxe2 17. Qxe2 Nf6 18. Kh1 Qd7 19. f5 g6 20. Rf2 Kg7
21. Raf1 Rf8 22. Bg5 Ng8 23. f6+ Nxf6 24. Bxf6+ Bxf6 25. Rxf6 Qh3 26. Qc4
Rae8 27. Rxf7+ Rxf7 28. Qxf7+ Kh6 29. Qf4+ Kg7 30. Qf6+ Kh6 31. Rf4 Re6 32.
Rh4+ Qxh4 33. Qxh4+ Kg7 34. Ne2 {Black resigns} 1-0

[Event "ICCopen2016"]
[Site "Internet Chess Club"]
[Date "2016.06.03"]
[Round "11"]
[White "IAlwaysWin"]
[Black "Imaneverwas"]
[Result "0-1"]
[ICCResult "White checkmated"]
[WhiteElo "1637"]
[BlackElo "1830"]
[Opening "Queen's pawn game"]
[ECO "E10"]
[NIC "TD.08"]
[Time "20:59:04"]
[TimeControl "180+0"]

1. d4 Nf6 2. c4 e6 3. Nf3 d5 4. cxd5 Nxd5 5. Nc3 Nxc3 6. bxc3 c5 7. e4 cxd4
8. cxd4 Bb4+ 9. Bd2 Bxd2+ 10. Qxd2 O-O 11. Bc4 Nd7 12. O-O Nf6 13. Rfe1 b6
14. Rac1 Bb7 15. Bd3 Qe7 16. h4 Rac8 17. Qf4 Qa3 18. e5 Nd5 19. Qe4 g6 20.
Rxc8 Rxc8 21. h5 Rc3 22. hxg6 hxg6 23. Bb1 Rc1 24. Qh4 Rxe1+ 25. Nxe1 Qc1
26. Qd8+ Kg7 27. Bxg6 Qxe1+ 28. Kh2 Kxg6 29. Qg8+ Kf5 30. Qxf7+ Ke4 31. Qxb7
Qxf2 32. Qh7+ Kxd4 33. Qb1 Nf4 34. Qd1+ Kxe5 35. Qg1 Qh4# {White checkmated}
0-1

[Event "ICCopen2016"]
[Site "Internet Chess Club"]
[Date "2016.06.03"]
[Round "11"]
[White "GreyWarden"]
[Black "edwspin"]
[Result "1-0"]
[ICCResult "Black checkmated"]
[WhiteElo "2003"]
[BlackElo "1606"]
[Opening "French defense"]
[ECO "C01"]
[NIC "FR.01"]
[Time "20:59:07"]
[TimeControl "180+0"]

1. e4 e6 2. d4 Ne7 3. Nc3 g6 4. f4 Bg7 5. Nf3 O-O 6. Be3 d6 7. Qd2 Nd7 8.
O-O-O b6 9. h4 a5 10. h5 a4 11. a3 b5 12. Bxb5 Ba6 13. Bxa4 Nb6 14. Bb3 Bc4
15. hxg6 fxg6 16. Ng5 Bxb3 17. cxb3 Qd7 18. Rxh7 d5 19. Rdh1 dxe4 20. Ncxe4
Nf5 21. Nc5 Qd5 22. Rxg7+ Nxg7 23. Qd3 Rf5 24. Rh6 Raf8 25. g4 Rxf4 26. Bxf4
Rxf4 27. Nge4 Kf7 28. Rxg6 Ne8 29. Rxe6 Nd6 30. Re5 Qc6 31. Ng5+ Kg7 32.
Qh7+ Kf8 33. Qh8# {Black checkmated} 1-0

[Event "ICCopen2016"]
[Site "Internet Chess Club"]
[Date "2016.06.03"]
[Round "11"]
[White "waynehatcher"]
[Black "RobbieWilliams"]
[Result "0-1"]
[ICCResult "White forfeits on time"]
[WhiteElo "1561"]
[BlackElo "1813"]
[Opening "English: Anglo-Grünfeld defense"]
[ECO "A05"]
[NIC "QP.11"]
[Time "20:59:13"]
[TimeControl "180+0"]

1. Nf3 Nf6 2. c4 d5 3. cxd5 Nxd5 4. Nc3 Nxc3 5. bxc3 g6 6. g3 Bg7 7. Rb1 c6
8. Bg2 O-O 9. O-O h5 10. Qc2 b6 11. c4 Bb7 12. d3 c5 13. Bb2 Nc6 14. Bxg7
Kxg7 15. Qc3+ Kg8 16. Rfd1 Qd6 17. Rd2 Rab8 18. Rbd1 Nd4 19. Nxd4 cxd4 20.
Qb3 Bxg2 21. Kxg2 h4 22. e4 dxe3 23. fxe3 hxg3 24. hxg3 Rfd8 25. d4 Rbc8 26.
e4 Qc6 27. Qd3 Qxc4 28. Kf3 b5 29. Qxc4 Rxc4 30. Ke3 Rdc8 31. Rd3 Rc2 32.
R1d2 a5 33. Rb3 b4 34. a3 R8c3+ 35. Rd3 Rxb3 36. Rxb3 Rg2 37. Kf3 Rd2 38.
axb4 Rxd4 39. bxa5 Ra4 40. Rb5 Kg7 41. Kf4 Kf6 42. g4 e6 43. g5+ Ke7 44. Ke5
Kf8 45. Kf6 Ke8 46. Rc5 Rxe4 47. a6 Rf4+ 48. Ke5 Ra4 49. Rc6 Kd7 50. Rb6
Ra5+ 51. Kf6 Rf5+ 52. Kg7 Rxg5 53. Rb7+ Kc8 54. Rxf7 Ra5 55. a7 g5 56. Kg6
g4 57. Re7 g3 58. Rxe6 g2 59. Re1 Ra2 60. Rg1 Kb7 61. Kg5 Kxa7 62. Kg4 Kb6
63. Kg3 Kc5 64. Rxg2 Ra3+ 65. Kh2 Rf3 66. Rg3 Rf2+ 67. Rg2 Rf7
{White forfeits on time}
0-1

[Event "ICCopen2016"]
[Site "Internet Chess Club"]
[Date "2016.06.03"]
[Round "11"]
[White "nurmi"]
[Black "kvicc"]
[Result "0-1"]
[ICCResult "White forfeits on time"]
[WhiteElo "2257"]
[BlackElo "2222"]
[Opening "Benko's opening"]
[ECO "A00"]
[NIC "VO.09"]
[Time "20:58:56"]
[TimeControl "180+0"]

1. g3 c5 2. Bg2 e6 3. Nf3 Nf6 4. O-O d5 5. c4 Be7 6. cxd5 exd5 7. d4 O-O 8.
dxc5 Nc6 9. Nc3 Bxc5 10. Bg5 Be6 11. Rc1 Be7 12. e3 Qa5 13. Nd4 h6 14. Bf4
g5 15. Nxc6 bxc6 16. Be5 Nd7 17. Bd4 c5 18. Nxd5 cxd4 19. Nxe7+ Kg7 20.
Qxd4+ Nf6 21. Nc6 Qb5 22. b4 Bxa2 23. Rc5 Qb6 24. Qb2 Be6 25. Nd4 Rab8 26.
Rfc1 Qxb4 27. Nxe6+ fxe6 28. Rc7+ Rf7 29. Qe5 Qb6 30. Rxf7+ Kxf7 31. Rc7+
Kg6 32. Be4+ Nxe4 33. Rg7+ Kh5 34. g4+ Kh4 35. Rh7 Qc6 36. h3 Rb1+ 37. Kh2
Rh1+ 38. Kxh1 Ng3+ {White forfeits on time} 0-1

[Event "ICCopen2016"]
[Site "Internet Chess Club"]
[Date "2016.06.03"]
[Round "11"]
[White "HPG1947"]
[Black "MasterZachary"]
[Result "0-1"]
[ICCResult "White forfeits on time"]
[WhiteElo "1592"]
[BlackElo "2119"]
[Opening "Caro-Kann: closed (Breyer) variation"]
[ECO "A00"]
[NIC "VO.13"]
[Time "20:58:44"]
[TimeControl "180+0"]

1. d3 c6 2. e4 d6 3. f4 Nf6 4. Nf3 g6 5. Be2 Bg7 6. O-O O-O 7. Qe1 Na6 8.
Kh1 Nc7 9. Qh4 c5 10. f5 e6 11. fxg6 fxg6 12. Bg5 Qe8 13. Nc3 b5 14. e5 dxe5
15. Nxe5 Nfd5 16. Ng4 Rxf1+ 17. Rxf1 Nxc3 18. bxc3 Bb7 19. Nh6+ Bxh6 20.
Bxh6 Qc6 21. Bf3 Nd5 22. c4 bxc4 23. dxc4 Qa6 24. Be2 Qa4 25. Qg5 Qxc2 26.
Qe5 Nf6 27. Qxf6 Bxg2+ 28. Kxg2 Qxe2+ 29. Kg1 Qg4+ 30. Kh1 Qe4+ 31. Rf3 Qe1+
32. Kg2 Qe2+ {White forfeits on time} 0-1

[Event "ICCopen2016"]
[Site "Internet Chess Club"]
[Date "2016.06.03"]
[Round "11"]
[White "stoptryharding"]
[Black "depressnyak"]
[Result "1-0"]
[ICCResult "Black resigns"]
[WhiteElo "2492"]
[BlackElo "3165"]
[Opening "Caro-Kann: two knights, 3...Bg4"]
[ECO "B11"]
[NIC "CK.01"]
[Time "20:59:20"]
[TimeControl "180+0"]

1. e4 c6 2. Nc3 d5 3. Nf3 Bg4 4. h3 Bxf3 5. Qxf3 e6 6. g3 g6 7. Bg2 Bg7 8.
O-O Ne7 9. d3 Nd7 10. Qe2 O-O 11. a4 Re8 12. Bd2 Qc7 13. Kh2 Rad8 14. a5 b5
15. axb6 axb6 16. f4 b5 17. e5 Nf5 18. Qf2 Ra8 19. g4 Ne7 20. d4 Nb6 21. b3
Rxa1 22. Rxa1 Ra8 23. Rxa8+ Nxa8 24. Ne2 Nb6 25. Nc1 Nd7 26. Nd3 Qa7 27. Bb4
Bf8 28. h4 Nc8 29. Bxf8 Nxf8 30. f5 exf5 31. gxf5 Ne7 32. Bh3 gxf5 33. Qg1+
Kh8 34. h5 h6 35. Qe3 Kg7 36. Qg3+ Kh7 37. Qf4 Ne6 38. Bxf5+ Nxf5 39. Qxf5+
Kg8 40. Qg4+ Kf8 41. Nf4 Qe7 42. Nxe6+ Qxe6 43. Qf4 Kg7 44. Kg3 Kf8 45. Kf3
Ke7 46. Ke2 Kd7 47. Kd3 Kc7 48. Kc3 Kb6 49. Kb2 Kb7 50. Qd2 Kb6 51. Qb4 Kb7
52. Qf8 Kc7 53. Ka3 Kb7 54. Kb4 Kc7 55. Kc5 Kb7 56. Qd8 Qh3 57. Qe7+ Ka6 58.
Kxc6 Qc3+ 59. Qc5 Qxc2 60. Qxc2 {Black resigns} 1-0

[Event "ICCopen2016"]
[Site "Internet Chess Club"]
[Date "2016.06.03"]
[Round "11"]
[White "Kannayya"]
[Black "alan2015"]
[Result "0-1"]
[ICCResult "White forfeits on time"]
[WhiteElo "1162"]
[BlackElo "1319"]
[Opening "QGD: 6.Nf3"]
[ECO "D55"]
[NIC "QO.13"]
[Time "20:58:43"]
[TimeControl "180+0"]

1. d4 d5 2. c4 e6 3. Nc3 Nf6 4. Bg5 Be7 5. Nf3 O-O 6. e3 b6 7. g3 Bb7 8.
cxd5 exd5 9. Bg2 Nbd7 10. O-O c5 11. dxc5 bxc5 12. Bxf6 Nxf6 13. Ne5 Qd6 14.
Nf3 Rad8 15. Ne1 Qb6 16. b3 d4 17. exd4 Bxg2 18. Kxg2 cxd4 19. Na4 Qb7+ 20.
Nf3 Rfe8 21. Re1 Qc6 22. Kg1 d3 23. Ne5 Qd5 24. Nf3 Bb4 25. Rxe8+ Rxe8 26.
Nb2 d2 27. Nc4 Re1+ 28. Nxe1 dxe1=Q+ 29. Qxe1 Bxe1 30. Rxe1 h6 31. f3 Nd7
32. Kg2 Nc5 33. Re5 Qd4 34. Kh3 Nd3 35. Re4 Qd7+ 36. Kg2 Qd5 37. Kh3 Nf2+
38. Kg2 Nxe4 39. fxe4 Qxe4+ 40. Kh3 Qc2 41. Kg4 Qxa2 42. Kf4 Qxb3 43. Ne3
Qd3 44. Kf3 a5 45. Kf2 a4 46. Kf3 a3 47. Kf2 a2 48. Ke1 a1=Q+ 49. Kf2 Qb2+
50. Kf3 Qbe2+ 51. Kf4 Qexe3+ 52. Kg4 Qf3+ 53. Kh4 Qdf5 {White forfeits on
time} 0-1

[Event "ICCopen2016"]
[Site "Internet Chess Club"]
[Date "2016.06.03"]
[Round "11"]
[White "chigamaster"]
[Black "chessasuke91"]
[Result "0-1"]
[ICCResult "White forfeits on time"]
[WhiteElo "2990"]
[BlackElo "2762"]
[Opening "French: Tarrasch"]
[ECO "C03"]
[NIC "FR.14"]
[Time "20:59:18"]
[TimeControl "180+0"]

1. e4 e6 2. d4 d5 3. Nd2 Be7 4. Ngf3 Nf6 5. Bd3 c5 6. exd5 Nxd5 7. dxc5 Nd7
8. Nb3 O-O 9. O-O Nxc5 10. Nxc5 Bxc5 11. c4 Nf6 12. b3 b6 13. Bb2 Bb7 14.
Qe2 Be7 15. Rad1 Qc7 16. Qe5 Qxe5 17. Nxe5 Rfd8 18. Bc2 Bc5 19. Rfe1 Rxd1
20. Rxd1 Be4 21. Nd3 a5 22. h3 a4 23. bxa4 Be7 24. Bd4 Nd7 25. Bb3 Bc6 26.
Ne5 Nxe5 27. Bxe5 Kf8 28. Bd4 Bc5 29. Bxc5+ bxc5 30. Re1 Ke7 31. Re5 Kd6 32.
Re3 Bxa4 33. Kf1 Bc6 34. f3 f5 35. Kf2 g5 36. Rd3+ Kc7 37. Re3 Kd6 38. Rd3+
Ke7 39. Re3 h5 40. Re2 h4 41. Re3 Kf6 42. Ke1 Rd8 43. Re2 e5 44. a4 Ra8 45.
Ra2 Ra5 46. Kd2 e4 47. fxe4 Bxe4 48. Kc3 Ke5 49. Bc2 Bxg2 50. Bxf5 Kxf5 51.
Rf2+ Kg6 52. Rxg2 Rxa4 53. Kb3 Rb4+ 54. Kc3 Kf5 55. Rf2+ Ke4 56. Rf8 Rb1 57.
Rc8 Rh1 58. Rxc5 Rxh3+ 59. Kb4 Rg3 60. Rd5 h3 61. Rd2 Rg2 62. Rd1 h2 63. c5
Rg1 64. Rd7 h1=Q 65. Rf7 Rb1+ 66. Ka5 Qc1 67. Re7+ Kd5 {White forfeits on
time} 0-1

[Event "ICCopen2016"]
[Site "Internet Chess Club"]
[Date "2016.06.03"]
[Round "11"]
[White "soumyat"]
[Black "El-Kaiser"]
[Result "0-1"]
[ICCResult "White forfeits on time"]
[WhiteElo "2037"]
[BlackElo "2361"]
[Opening "French: exchange variation"]
[ECO "C01"]
[NIC "FR.01"]
[Time "20:58:57"]
[TimeControl "180+0"]

1. e4 e6 2. d4 d5 3. exd5 exd5 4. Nf3 Bd6 5. Bd3 Ne7 6. O-O O-O 7. h3 Bf5 8.
c3 c6 9. Re1 Qd7 10. Ne5 Qc7 11. Bf4 f6 12. Bxf5 Nxf5 13. Qg4 fxe5 14. dxe5
Bc5 15. Nd2 Qe7 16. Nf3 Nd7 17. b4 Bb6 18. e6 Nb8 19. Bg5 Qd6 20. e7 Nd7 21.
exf8=Q+ Rxf8 22. Bf4 Qf6 23. Ne5 Nxe5 24. Bxe5 Qf7 25. Re2 Nh6 26. Qg3 Nf5
27. Qg4 Nh6 28. Qg3 Nf5 29. Qd3 Ne7 30. Bd4 Bc7 31. Rae1 Ng6 32. Qf3 Qxf3
33. gxf3 Rxf3 34. Re8+ Kf7 35. Kg2 Nh4+ 36. Kf1 Rxh3 37. R1e7+ Kg6 38. Rxc7
Rh1+ 39. Ke2 Nf5 40. Re6+ Kg5 41. Bxg7 Ra1 42. Be5 Rxa2+ 43. Kd3 Rxf2 44.
Bf6+ Kf4 45. Rxh7 Ng3 46. Be5+ Kf5 47. Rf6+ Kxe5 48. Rxf2 Ne4 49. Re2 b6 50.
Rxe4+ dxe4+ 51. Ke3 a5 52. Rh4 axb4 53. Rxe4+ Kd5 54. Rxb4 Kc5 55. Kd3 b5
56. Kc2 Kd5 57. Kb3 Kc5 58. c4 bxc4+ 59. Rxc4+ Kb5 60. Rc3 c5 61. Rc4 Kc6
62. Kc3 Kd5 63. Kd3 Ke5 {White forfeits on time} 0-1

[Event "ICCopen2016"]
[Site "Internet Chess Club"]
[Date "2016.06.03"]
[Round "11"]
[White "whiteshark"]
[Black "Spirals"]
[Result "0-1"]
[ICCResult "White resigns"]
[WhiteElo "2566"]
[BlackElo "2203"]
[Opening "Sicilian: Najdorf"]
[ECO "B90"]
[NIC "SI.14"]
[Time "20:59:27"]
[TimeControl "180+0"]

1. e4 c5 2. Nf3 d6 3. d4 cxd4 4. Nxd4 Nf6 5. Nc3 a6 6. a4 e5 7. Nb3 Be6 8.
a5 Nbd7 9. Nd5 Nxe4 10. c4 Nef6 11. Be3 Bxd5 12. cxd5 Rc8 13. Be2 Be7 14.
O-O O-O 15. Kh1 h6 16. Ra4 Qc7 17. Rb4 Nc5 18. Nxc5 dxc5 19. Rb6 Bd6 20. Bc4
Rb8 21. Qf3 Qe7 22. Re1 Rfe8 23. Qg3 Kh8 24. h4 Bc7 25. d6 Bxd6 26. Bxf7
Qxf7 27. Rxd6 Ne4 28. Qg6 Nxd6 29. Qxd6 c4 30. Bb6 e4 31. Re3 Qf6 32. Qg3
Qxb2 33. Bc7 Rbc8 34. Bf4 c3 35. Be5 Re7 36. Kh2 Rxe5 37. Qxe5 Qd2 38. Rg3
Rg8 39. Rxc3 Qxf2 40. Rg3 e3 41. h5 e2 42. Re3 Qh4+ 43. Kg1 Qe1+ 44. Kh2
Qh4+ 45. Rh3 e1=Q 46. Qf5 Qhe4 47. Qg6 Qxg6 48. hxg6 Qe5+ 49. Rg3 Rf8 50.
Kh3 Rf5 51. Rd3 Rh5+ 52. Kg4 Qf5+ 53. Kg3 Qxd3+ 54. Kg4 Rg5+ 55. Kf4 Qxg6
56. g3 Qf6+ 57. Ke4 Re5+ 58. Kd4 Qd6+ 59. Kc4 Rc5+ 60. Kb4 Qc6 {White
resigns} 0-1

[Event "ICCopen2016"]
[Site "Internet Chess Club"]
[Date "2016.06.03"]
[Round "11"]
[White "PaYbAcK"]
[Black "HuevosDeLeon"]
[Result "0-1"]
[ICCResult "White checkmated"]
[WhiteElo "2778"]
[BlackElo "2657"]
[Opening "Alekhine's defense: modern, Larsen variation"]
[ECO "B04"]
[NIC "AL.05"]
[Time "20:58:43"]
[TimeControl "180+0"]

1. e4 Nf6 2. e5 Nd5 3. d4 d6 4. Nf3 dxe5 5. Nxe5 c6 6. h3 Bf5 7. Be2 Nd7 8.
Nf3 e6 9. O-O Bd6 10. c4 N5f6 11. Nc3 h6 12. Qb3 Qb6 13. c5 Qxb3 14. axb3
Bc7 15. b4 O-O 16. b5 Nd5 17. Nxd5 exd5 18. Be3 Rfe8 19. Ra3 cxb5 20. Bxb5
a6 21. Rfa1 Rad8 22. Bf1 Nb8 23. b4 Bd7 24. Nd2 f5 25. Nb1 f4 26. Bd2 Nc6
27. Bc3 Na7 28. Bb2 Nb5 29. Rf3 Re4 30. Nc3 Nxd4 31. Nxe4 Nxf3+ 32. gxf3
dxe4 33. fxe4 Bc6 34. f3 Rd2 35. Bc3 Rc2 36. Ra3 Bd8 37. Bc4+ Kh7 38. Bd5
Bb5 39. Bxb7 Rc1+ 40. Kh2 Bh4 41. Ra1 Bg3+ 42. Kg2 Rxc3 43. e5 Rc2+ 44. Kg1
Re2 45. Be4+ Kg8 46. c6 Rxe4 47. fxe4 Bxc6 48. Rxa6 Bxe4 49. e6 f3 50. Ra3
Bd5 51. Rc3 Be5 52. Rc8+ Kh7 53. Kf2 Bxe6 54. Kxf3 Bxc8 55. Ke4 Bc7 56. b5
Bxh3 57. Kd5 Bf1 58. Kc6 Bxb5+ 59. Kxc7 h5 60. Kd6 h4 61. Ke5 h3 62. Kf4 h2
63. Kg3 h1=Q 64. Kg4 Qf1 65. Kg5 Qf3 66. Kh4 Bd7 67. Kg5 Qg4# {White
checkmated} 0-1

[Event "ICCopen2016"]
[Site "Internet Chess Club"]
[Date "2016.06.03"]
[Round "11"]
[White "chessrex"]
[Black "JJ12"]
[Result "0-1"]
[ICCResult "White forfeits on time"]
[WhiteElo "1947"]
[BlackElo "2247"]
[Opening "Blackmar-Diemer gambit"]
[ECO "A45"]
[NIC "QP.07"]
[Time "20:59:05"]
[TimeControl "180+0"]

1. d4 Nf6 2. f3 d5 3. e4 dxe4 4. Nc3 c5 5. d5 e6 6. Bb5+ Bd7 7. dxe6 fxe6 8.
Bxd7+ Qxd7 9. Qe2 Nc6 10. fxe4 Nd4 11. Qd3 Bd6 12. Nf3 Nxf3+ 13. Qxf3 O-O
14. O-O Nd5 15. Qe2 Nxc3 16. bxc3 Be5 17. Bd2 Rxf1+ 18. Rxf1 Rd8 19. Be1 b6
20. Qf3 h6 21. Bg3 Bxg3 22. Qxg3 Qe7 23. Qe5 Rd2 24. Rf2 Rd1+ 25. Rf1 Rd8
26. h3 Qd6 27. Qxd6 Rxd6 28. Rf3 Rd1+ 29. Rf1 Rd2 30. Rf2 Rd6 31. g3 b5 32.
Kg2 Ra6 33. Kf3 Rxa2 34. Ke3 Ra3 35. Kd2 a5 36. Rf3 b4 37. Rd3 Kh7 38. Rd6
Rxc3 39. Rxe6 Rxg3 40. Ra6 c4 41. Rxa5 Rg2+ 42. Ke3 Rxc2 43. Kd4 c3 44. Rb5
Rd2+ 45. Ke3 Rb2 46. e5 b3 47. Kd3 c2 48. Kd2 Rb1 49. Rc5 Rd1+ 50. Ke2 c1=Q
51. Rxc1 Rxc1 52. e6 Rc8 53. Kd3 Re8 54. Kc3 Re7 55. Kxb3 Rxe6 56. Kc4 Rg6
57. Kd3 Rg3+ 58. Ke4 Rxh3 59. Kf4 Rh5 60. Kg4 Kg6 61. Kf4 Rg5 62. Kf3 h5 63.
Kf4 Kh6 64. Ke4 g6 65. Kf4 h4 66. Kf3 Kh5 67. Kf4 Rg4+ 68. Ke5 g5 69. Kf5 h3
70. Kf6 Kh4 71. Kf5 Rg2 72. Ke5 g4 73. Kf5 g3 74. Ke4 Rf2 75. Ke3 Re2+
{White forfeits on time}
0-1

[Event "ICCopen2016"]
[Site "Internet Chess Club"]
[Date "2016.06.03"]
[Round "11"]
[White "uncleBob"]
[Black "inoahlot"]
[Result "1-0"]
[ICCResult "Black checkmated"]
[WhiteElo "1577"]
[BlackElo "1304"]
[Opening "Queen's pawn"]
[ECO "A40"]
[NIC "QO.17"]
[Time "21:00:40"]
[TimeControl "180+0"]

1. d4 h6 2. e4 e6 3. f4 d6 4. c4 Bd7 5. Nc3 Be7 6. Nf3 a6 7. Be2 Bh4+ 8.
Nxh4 Qxh4+ 9. g3 Qe7 10. O-O Nf6 11. e5 dxe5 12. dxe5 Nh7 13. Be3 Nc6 14.
Ne4 O-O-O 15. Qa4 Nxe5 16. Qa5 Nc6 17. Qc3 f5 18. Nc5 e5 19. b4 exf4 20.
gxf4 Nb8 21. b5 Rhe8 22. Rf3 g5 23. bxa6 Nxa6 24. Nxa6 bxa6 25. c5 Bc6 26.
Bxa6+ Kb8 27. Rb1+ Ka7 28. Qa5 Rb8 29. Bc8# {Black checkmated} 1-0

[Event "ICCopen2016"]
[Site "Internet Chess Club"]
[Date "2016.06.03"]
[Round "11"]
[White "pagoda"]
[Black "flinkfinger"]
[Result "1-0"]
[ICCResult "Black forfeits on time"]
[WhiteElo "1944"]
[BlackElo "2166"]
[Opening "Sicilian: closed, 2...Nc6"]
[ECO "B23"]
[NIC "SI.44"]
[Time "20:58:52"]
[TimeControl "180+0"]

1. Nc3 c5 2. e4 Nc6 3. Nf3 e6 4. Bb5 Nd4 5. Bc4 Nf6 6. O-O a6 7. a4 Qc7 8.
d3 Ng4 9. g3 h5 10. Bf4 Qd8 11. Be3 Nxf3+ 12. Qxf3 Ne5 13. Qe2 Nxc4 14. dxc4
d6 15. Rad1 Qc7 16. Bf4 Be7 17. Rd2 Bd7 18. Rfd1 e5 19. Nd5 Qd8 20. Be3 Bf8
21. b3 h4 22. f4 hxg3 23. hxg3 exf4 24. Bxf4 g5 25. Be3 Be6 26. Qf3 Bg7 27.
Rf1 Be5 28. Nf6+ Bxf6 29. Qxf6 Qxf6 30. Rxf6 Kd7 31. Bxg5 Rag8 32. Bf4 Ke7
33. e5 dxe5 34. Bxe5 Rd8 35. Rff2 Rhg8 36. a5 f5 37. Bf4 Kf6 38. Rfe2 Rge8
39. Kf2 Rxd2 40. Rxd2 Rc8 41. Rd6 Ke7 42. Rb6 Bd7 43. Rxb7 Ke6 44. Rb6+ Bc6
45. Rxa6 Kd7 46. Rb6 Rh8 47. a6 Rh2+ 48. Ke3 Rxc2 49. a7 Ra2 50. Bb8 Ra3 51.
Kf4 Ba8 52. Ke5 Ra1 53. Kxf5 Rg1 54. Kg4 Ke7 55. Kf5 Rb1 56. Ke5 Re1+ 57.
Kf4 Rd1 58. Ke3 Rf1 59. Kd2 Rf6 60. Rxf6 Kxf6 61. Bf4 Kf5 62. Be3 Ke4 63.
Bxc5 Kf3 64. Kc3 Kxg3 65. b4 Kf4 66. Kd4 Kf5 67. Bd6 Ke6 68. Kc5 Kd7 69. b5
Kc8 70. Bf4 Kb7 71. Be3 Kxa7 72. Kd6+ Kb7 73. c5 Kc8 74. c6
{Black forfeits on time}
1-0

[Event "ICCopen2016"]
[Site "Internet Chess Club"]
[Date "2016.06.03"]
[Round "11"]
[White "Elico"]
[Black "wjjones88"]
[Result "1-0"]
[ICCResult "Black forfeits on time"]
[WhiteElo "1822"]
[BlackElo "1695"]
[Opening "King's pawn opening"]
[ECO "B07"]
[NIC "VO.17"]
[Time "21:00:11"]
[TimeControl "180+0"]

1. e4 d6 2. Nc3 g6 3. Bc4 Bg7 4. d3 Nf6 5. f4 O-O 6. Nf3 c5 7. O-O Nc6 8.
Qe1 Bg4 9. Qh4 Nd4 10. Ng5 h6 11. f5 d5 12. exd5 hxg5 13. Bxg5 Nxf5 14. Rxf5
Bxf5 15. Rf1 b5 16. Nxb5 Nxd5 17. Nc3 Nxc3 18. bxc3 Bxc3 19. Kh1 Bf6 20. g4
Bxg5 21. Qxg5 e6 22. Qxd8 Rfxd8 23. gxf5 exf5 24. Rg1 Rd4 25. Rxg6+
{Black forfeits on time}
1-0

[Event "ICCopen2016"]
[Site "Internet Chess Club"]
[Date "2016.06.03"]
[Round "11"]
[White "cloak1"]
[Black "InigoMI"]
[Result "1-0"]
[ICCResult "Black resigns"]
[WhiteElo "1767"]
[BlackElo "1539"]
[Opening "Sicilian: Taimanov (Bastrikov) variation"]
[ECO "B47"]
[NIC "SI.40"]
[Time "20:59:29"]
[TimeControl "180+0"]

1. e4 c5 2. Nf3 e6 3. d4 cxd4 4. Nxd4 Nc6 5. Nc3 Qc7 6. Ndb5 Qb8 7. Be3 a6
8. Bb6 axb5 9. Nxb5 Bb4+ 10. c3 Ba5 11. Nc7+ Kf8 12. Nxa8 Qxa8 13. Bc5+ Nge7
14. b4 Bc7 15. b5 Ne5 16. b6 Bb8 17. f4 Ng6 18. g3 Qa5 19. Qd4 e5 20. Qb4
Qxb4 21. cxb4 exf4 22. gxf4 Nxf4 23. a4 d6 24. Be3 Neg6 25. h4 h5 26. a5 Bg4
27. b5 Ke7 28. a6 d5 29. a7 Be5 30. a8=Q Rxa8 31. Rxa8 dxe4 32. Ra7 Nd3+ 33.
Bxd3 exd3 34. Rxb7+ Kd6 35. Rxf7 Bc3+ 36. Bd2 Bd4 37. b7 Ne5 38. b8=Q+
{Black resigns}
1-0

[Event "ICCopen2016"]
[Site "Internet Chess Club"]
[Date "2016.06.03"]
[Round "11"]
[White "Anarchy"]
[Black "DetectiveStark"]
[Result "1/2-1/2"]
[ICCResult "Game drawn because neither player has mating material"]
[WhiteElo "2811"]
[BlackElo "2510"]
[Opening "Bogo-Indian defense, Grünfeld variation"]
[ECO "E11"]
[NIC "QI.01"]
[Time "20:59:13"]
[TimeControl "180+0"]

1. d4 Nf6 2. Nf3 e6 3. c4 Bb4+ 4. Nbd2 O-O 5. a3 Be7 6. g3 d5 7. Bg2 b6 8.
O-O Bb7 9. b4 dxc4 10. Nxc4 Nbd7 11. Bb2 c5 12. bxc5 bxc5 13. Rc1 Bd5 14.
Re1 Rc8 15. Qd3 Be4 16. Qe3 cxd4 17. Bxd4 Nc5 18. Red1 Nd5 19. Bxc5 Nxe3 20.
Rxd8 Rfxd8 21. Bxe3 Bxa3 22. Ra1 Bb4 23. Nfd2 Bxg2 24. Kxg2 a5 25. Ra2 Rc6
26. Kf3 f6 27. g4 Kf7 28. Nxa5 Ra6 29. Nb7 Rxa2 30. Nxd8+ Ke8 31. Nxe6 Bxd2
32. Nxg7+ Kf7 33. Nf5 Bxe3 34. Nxe3 Ke6 35. h4 Rd2 36. h5 Ra2 37. Nf5 Ra3+
38. e3 Ke5 39. Kg3 Ra1 40. Kf3 Rh1 41. Ng3 Ra1 42. Ke2 Rb1 43. f4+ Ke6 44.
Kf3 Rb4 45. Nf5 Ra4 46. Nd4+ Kd5 47. Nf5 Ra3 48. Nh4 Ke6 49. Nf5 Rd3 50. Ke4
Ra3 51. Nd4+ Kf7 52. Nb5 Ra4+ 53. Nd4 Rb4 54. Kd5 Ra4 55. Ke4 Rb4 56. Kf5
Ra4 57. g5 Ra5+ 58. Kg4 fxg5 59. fxg5 Re5 60. Kf4 Ra5 61. e4 Ra4 62. Nf5 Ra5
63. Nh6+ Ke6 64. Ng4 Ra1 65. Ne3 Re1 66. Kf3 Rh1 67. Kg4 Ke5 68. Nf5 Rg1+
69. Ng3 Rg2 70. Kf3 Ra2 71. Nf5 Ra3+ 72. Kg4 Kxe4 73. Ng3+ Ke5 74. h6 Ra4+
75. Kh5 Ra5 76. g6 hxg6+ 77. Kxg6 Ra6+ 78. Kg5 Rxh6 79. Kxh6
{Game drawn because neither player has mating material}
1/2-1/2

[Event "ICCopen2016"]
[Site "Internet Chess Club"]
[Date "2016.06.03"]
[Round "11"]
[White "Harmonie"]
[Black "Discoverchess"]
[Result "1-0"]
[ICCResult "Black forfeits on time"]
[WhiteElo "3102"]
[BlackElo "2588"]
[Opening "Réti: King's Indian attack, Keres variation"]
[ECO "A07"]
[NIC "QP.09"]
[Time "20:59:04"]
[TimeControl "180+0"]

1. Nf3 d5 2. g3 Bg4 3. Bg2 Nd7 4. O-O Ngf6 5. h3 Bxf3 6. Bxf3 e5 7. d3 c6 8.
e4 Bc5 9. Nc3 d4 10. Ne2 O-O 11. Bg2 Bd6 12. a3 c5 13. f4 b5 14. f5 c4 15.
g4 Ne8 16. g5 f6 17. h4 Rc8 18. Ng3 Qc7 19. Rf2 a5 20. Bf1 Nb6 21. Rg2 Kh8
22. Kh1 b4 23. axb4 axb4 24. b3 cxb3 25. cxb3 Qd7 26. Nh5 Rg8 27. Ra6 Qb7
28. Raa2 Rc3 29. Bd2 Qf7 30. Ra6 Nc8 31. Bxc3 bxc3 32. g6 Qb7 33. gxh7 Rf8
34. Raa2 Ne7 35. Rg3 Nxf5 36. Rg1 Ne3 37. Qf3 Qxb3 38. Ra7 Rf7 39. Ra8 Rf8
40. Ra7 g5 41. Bh3 c2 42. Raa1 Qxd3 43. Bf5 Nd1 44. Qxd3 Nf2+ 45. Kg2 Nxd3
46. Kf3 Nc7 47. Ke2 c1=Q 48. Raxc1 Nxc1+ 49. Rxc1 Nb5 50. Rc6 Bb4 51. hxg5
fxg5 52. Nf6 Rd8 53. Kd3 Nc3 54. Nd5 Nxd5 55. exd5 Bf8 56. Be4 Bg7 57. Rc7
Ra8 58. d6 Ra3+ 59. Kc4 Bf8 60. Kd5 Rc3 61. Rb7 {Black forfeits on time} 1-0

[Event "ICCopen2016"]
[Site "Internet Chess Club"]
[Date "2016.06.03"]
[Round "11"]
[White "Rayconniff"]
[Black "BitsofKoin"]
[Result "0-1"]
[ICCResult "White forfeits on time"]
[WhiteElo "1744"]
[BlackElo "2341"]
[Opening "Scandinavian defense"]
[ECO "B01"]
[NIC "SD.03"]
[Time "20:59:14"]
[TimeControl "180+0"]

1. e4 d5 2. exd5 Nf6 3. Nc3 Nxd5 4. d4 Nxc3 5. bxc3 g6 6. Nf3 Bg7 7. Bc4 O-O
8. O-O Nc6 9. h3 b6 10. Re1 Bb7 11. Ba3 Re8 12. Ng5 e6 13. Qf3 Qxg5 14. d5
Na5 15. dxe6 Rxe6 16. Qxf7+ Kxf7 17. Bxe6+ Kf6 18. Bg4 c5 19. Rad1 Kf7 20.
Rd7+ Kf8 21. Bc1 Qf6 22. Re6 Qxc3 23. Bd2 Qxc2 24. Ree7 Qb1+ 25. Kh2 Qb2 26.
Rf7+ Kg8 27. Rfe7 Qf6 28. Be6+ Kh8 29. Bh6 Qe5+ 30. f4 Qxe6 31. Bxg7+ Kg8
32. Rxe6 Bc6 33. Rc7 Bd5 34. Ree7 Nc6 35. Red7 Be6 36. Bh6 Bxd7 37. Rxd7 Nd4
38. g4 Ne6 39. Kg3 Nf8 40. f5 gxf5 41. Rg7+ Kh8 42. gxf5 Ne6 43. fxe6 Rg8
44. e7 Re8 {White forfeits on time} 0-1